 Dungeon Crawl Stone Soup version 0.17-a0-1093-g0b3cd89 (webtiles) character file.

660 miau the Insei (level 7, -5/44 HPs)
             Began as a Gargoyle Monk on May 13, 2015.
             Was a Believer of Ashenzari.
             Slain by Prince Ribbit (11 damage)
             ... on level 5 of the Dungeon on May 20, 2015.
             The game lasted 00:40:43 (6646 turns).

miau the Insei (Gargoyle Monk)                      Turns: 6646, Time: 00:40:43

Health: -5/44      AC:  8    Str: 14    XL:     7   Next: 56%
Magic:  7/7        EV: 13    Int: 11    God:    Ashenzari [**....]
Gold:   180        SH:  0    Dex: 14    Spells: 0 memorised, 6 levels left

rFire  + . .     SeeInvis .       - Unarmed
rCold  . . .     Clarity  .     d - +0 leather armour
rNeg   + . .     SustAb   .     (no shield)
rPois  ∞         Gourm    .     (no helmet)
rElec  +         Spirit   .     (no cloak)
rCorr  .         Warding  .     (no gloves)
rMut   .         Stasis   .     (no boots)
MR     .....                    (no amulet)
Stlth  ++........               (no ring)
                                n - ring of protection from fire

@: not resistant to hostile enchantments, unstealthy
A: negative energy resistance 1, electricity resistance, unbreathing,
petrification resistance, rot immunity, AC +4
a: Scrying, Renounce Religion


You were on level 5 of the Dungeon.
You worshipped Ashenzari.
Ashenzari was pleased with you.
You were not hungry.

You visited 1 branch of the dungeon, and saw 5 of its levels.

You collected 180 gold pieces.

Inventory:

Hand weapons
 q - a +0 blowgun
Missiles
 e - 81 stones (quivered)
 k - 6 tomahawks
 o - 5 javelins
 p - 5 poisoned tomahawks
 r - 7 poisoned needles
Armour
 d - a +0 leather armour (worn)
Jewellery
 n - a ring of protection from fire (left hand)
Scrolls
 a - 6 scrolls of remove curse
 f - 5 scrolls of teleportation
 g - 2 scrolls of identify
 l - 2 scrolls of fear
Potions
 h - a potion of cure mutation
 i - a potion of flight
Books
 j - a book of Transfigurations

   Spells                             Type                      Level
   a - Stoneskin                      Transmutation/Earth          2
   b - Irradiate                      Conjuration/Transmutation    5
   c - Statue Form                    Transmutation/Earth          6
   d - Hydra Form                     Transmutation                6
   e - Dragon Form                    Transmutation                7
Comestibles
 b - 6 bread rations
 c - a beef jerky
 s - 3 chunks of flesh


   Skills:
 + Level 5.2 Fighting
 + Level 2.4 Throwing
 - Level 4.0 Armour
 - Level 3.0 Dodging
 - Level 3.0 Stealth
 + Level 5.9 Unarmed Combat


You had 6 spell levels left.
You didn't know any spells.

Dungeon Overview and Level Annotations

Branches:
Dungeon (5/15)
 Temple: D:4-7

Altars:
Ashenzari
Nemelex Xobeh
Ru
Xom
Yredelemnul
Zin

Annotations:
D:4 Fluffy's ghost, experienced HOGl
D:5 Prince Ribbit


Innate Abilities, Weirdness & Mutations

You are resistant to torment.
Your stone body is resilient (AC +4).
You are immune to poison.
You resist negative energy.
You are resistant to electric shocks.
You can survive without breathing.
You are immune to petrification.
You are immune to rotting.


Message History

You throw a stone. The stone misses Prince Ribbit.
You miss Prince Ribbit.
Prince Ribbit is moderately wounded.
Prince Ribbit sighs, "It's not easy being green!"
Prince Ribbit hits you!
* * * LOW HITPOINT WARNING * * *
Prince Ribbit hits you but does no damage.
There is a stone staircase leading up here.
You hit Prince Ribbit but do no damage.
Prince Ribbit is moderately wounded.
Prince Ribbit hits you!
* * * LOW HITPOINT WARNING * * *
You closely miss Prince Ribbit.
Prince Ribbit is moderately wounded.
Prince Ribbit closely misses you.
You miss Prince Ribbit.
Prince Ribbit is moderately wounded.
Prince Ribbit croaks regally.
Prince Ribbit closely misses you. Prince Ribbit hits you!
You die...

, , , , , , ,,
,, , ,, * , ,
,,, * # #####
* , , ,..
,,.((( ,* ,,
#., #..##,*
*(#..,#...# #
* *
(....##..#.#
#)....(.@..#
...###F####,
#........(.$.#
#.........####
* #)........#
..>.......#
.##.......# ,
#.......# ,,
*#.......#


You could see Prince Ribbit.

Vanquished Creatures
  An ogre (D:4)
  A giant frog (D:4)
  A hound (D:4)
  A centaur skeleton (D:4)
  An orc wizard (D:4)
  An orc priest (D:4)
  2 giant frog skeletons
  2 worker ants
  4 gnolls (D:3)
  13 adders
  An ooze (D:3)
  5 worms
  5 giant geckos
  6 orcs (D:4)
  2 giant cockroaches (D:1)
  11 goblins
  10 hobgoblins
  8 jackals
  12 kobolds
  6 quokkas
  5 ball pythons
  13 bats
  A giant gecko skeleton (D:4)
  3 giant newts
  6 rats
121 creatures vanquished.

Vanquished Creatures (others)
  5 sheep (D:4)
5 creatures vanquished.

Grand Total: 126 creatures vanquished

Notes
Turn   | Place    | Note
--------------------------------------------------------------
     0 | D:1      | miau the Gargoyle Monk began the quest for the Orb.
     0 | D:1      | Reached XP level 1. HP: 14/14 MP: 1/1
   479 | D:1      | Reached XP level 2. HP: 17/19 MP: 2/2
   580 | D:1      | Found a sparkling altar of Nemelex Xobeh.
   599 | D:1      | Reached skill level 1 in Armour
   877 | D:2      | Reached XP level 3. HP: 19/23 MP: 3/3
  1217 | D:2      | Found a shattered altar of Ashenzari.
  1351 | D:2      | Became a worshipper of Ashenzari the Shackled
  1351 | D:2      | Acquired Ashenzari's first power
  1609 | D:2      | Reached skill level 1 in Throwing
  1609 | D:2      | Reached XP level 4. HP: 27/29 MP: 4/4
  2404 | D:3      | Reached XP level 5. HP: 28/33 MP: 5/5
  3116 | D:3      | Found a glowing silver altar of Zin.
  3562 | D:4      | Noticed Fluffy's ghost (experienced HOGl)
  3983 | D:3      | Reached skill level 5 in Unarmed Combat
  4072 | D:3      | Reached XP level 6. HP: 16/38 MP: 6/6
  4966 | D:4      | Found a sacrificial altar of Ru.
  4966 | D:4      | Found a basalt altar of Yredelemnul.
  5024 | D:4      | Noticed an ogre
  5040 | D:4      | Killed an ogre
  5040 | D:4      | Reached XP level 7. HP: 18/44 MP: 7/7
  5119 | D:4      | Reached skill level 5 in Fighting
  5984 | D:4      | Found a shimmering altar of Xom.
  6218 | D:4      | Upgraded the game from 0.17-a0-1011-gfa70bdd to 0.17-a0-1093-g0b3cd89
  6593 | D:5      | Entered Level 5 of the Dungeon
  6629 | D:5      | Noticed Prince Ribbit
  6646 | D:5      | Slain by Prince Ribbit

Vault maps used:
D:1:      ncdulo_wetmaze, nemelex_xobeh_ov_fountains_minmay
D:2:      evilmike_ruin_ashenzari, first_bread, kennysheep_generic_room_15
D:3:      old_standard_altar, minmay_snake_closets
D:4:      grunt_temple_overflow_open, kb_xom_exploding_sheep, st_stairs_12
D:5:      nemelex_lonely_heart_becter, uniq_prince_ribbit1

Action                   |  1- 3 |  4- 6 |  7- 9 || total
-------------------------+-------+-------+-------++-------
Melee: Unarmed           |   165 |   323 |   100 ||   588
 Fire: Blowgun           |       |       |    14 ||    14
Throw: Stone             |    61 |   107 |    77 ||   245
       Tomahawk          |       |     6 |       ||     6
  Use: Scroll            |     4 |     4 |     2 ||    10
       Potion            |     2 |     2 |       ||     4
 Stab: Sleeping          |     2 |       |     2 ||     4
  Eat: Chunk             |     3 |    11 |     5 ||    19
